[Event "Titled Tuesday Blitz June 27 Early 2023"]
[White "Floresvillar Gonzalez, Luis Migu"]
[Black "Gundam, Rohit"]
[WhiteFideId "5100542"]
[BlackFideId "75002809"]
[WhiteElo "2118"]
[BlackElo "2472"]
[Result "0-1"]
[Round "5"]
[TimeControl "180+2"]
[Date "2023.06.27"]
[WhiteClock "0:00:34"]
[BlackClock "0:00:44"]
[Board "212"]

1. e4 e5 2. Nf3 Nc6 3. Bb5 Bc5 4. c3 Nf6 5. d3 d6 6. O-O O-O 7. Bg5 h6 8. Be3 Bb6 9. Qe2 Bg4 10. Nbd2 Ne7 11. h3 Bh5 12. g4 Nxg4 13. hxg4 Bxg4 14. Bxb6 axb6 15. Qe3 Ng6 16. Nh2 Be6 17. Bc4 Nf4 18. Kh1 d5 19. exd5 Bxd5+ 20. Bxd5 Qxd5+ 21. Qe4 Qxd3 22. Qxd3 Nxd3 23. b3 f5 24. f3 Rad8 25. a4 Nc5 26. Ra2 Rd3 27. Nc4 Rxc3 28. Nxe5 Rxb3 29. f4 Ra8 30. Nhf3 Rb4 31. Nh4 Raxa4 32. Rxa4 Rxa4 33. Nxf5 Ne6 34. Rg1 Kh7 35. Nd3 g6 36. Ne7 Nxf4 37. Nxf4 Rxf4 38. Nxg6 Rf5 39. Nf8+ Rxf8 40. Re1 Rf7 41. Re6 b5 42. Re5 c6 43. Kh2 Kg6 44. Kh3 Rc7 45. Re6+ Kf5 46. Rxh6 b4 47. Rh4 c5 48. Rc4 b5 49. Rc1 b3 50. Rf1+ Ke4 51. Rf6 b2 52. Rf7 Rxf7 0-1


[Site "https://www.chess.com"]

[Event "Titled Tuesday Blitz June 27 Early 2023"]
[White "Winkels, Marcel"]
[Black "Garcia Almaguer, Juan Manuel"]
[WhiteFideId "1003887"]
[BlackFideId "5110491"]
[WhiteElo "2110"]
[BlackElo "2471"]
[Result "0-1"]
[Round "5"]
[TimeControl "180+2"]
[Date "2023.06.27"]
[WhiteClock "0:00:00"]
[BlackClock "0:00:53"]
[Board "213"]

1. e4 e5 2. Nf3 Nc6 3. d4 exd4 4. Nxd4 Nf6 5. Nxc6 bxc6 6. e5 Qe7 7. Qe2 Nd5 8. h4 Qe6 9. c4 Bb4+ 10. Bd2 Bxd2+ 11. Nxd2 Nb4 12. Qe4 d5 13. cxd5 Nxd5 14. Bc4 O-O 15. O-O-O Rb8 16. f4 Qg4 17. Qf3 Qxf3 18. gxf3 Nxf4 19. h5 Be6 20. h6 g6 21. Bxe6 fxe6 22. Ne4 Ne2+ 23. Kb1 Rxf3 24. Nf6+ Rxf6 25. exf6 Nc3+ 26. Kc2 Nxd1 27. Rxd1 Kf7 28. Rd7+ Kxf6 29. Rxc7 Rg8 30. Kd3 g5 31. Ke2 Kg6 32. Rxc6 Re8 33. Rc7 a5 34. Ra7 Kxh6 35. Rxa5 Rb8 36. b3 Rb6 37. Re5 Kg6 38. Kd2 h5 39. Kc3 h4 40. a4 Kf6 41. Re3 g4 42. b4 h3 0-1


[Site "https://www.chess.com"]

[Event "Titled Tuesday Blitz June 27 Early 2023"]
[White "Vaglio Munoz, Jaime"]
[Black "Marin Masis, Jose Esteban"]
[WhiteFideId "6500145"]
[BlackFideId "6508146"]
[WhiteElo "2286"]
[BlackElo "2107"]
[Result "1-0"]
[Round "5"]
[TimeControl "180+2"]
[Date "2023.06.27"]
[WhiteClock "0:00:41"]
[BlackClock "0:00:00"]
[Board "214"]

1. Nf3 c5 2. c4 Nc6 3. b3 Nf6 4. Bb2 g6 5. g3 Bg7 6. Bg2 O-O 7. O-O d6 8. d3 e5 9. h3 Nd4 10. e3 Nc6 11. a3 Be6 12. Nbd2 h6 13. Rb1 Qd7 14. Kh2 b6 15. Re1 Rad8 16. Bc3 Rfe8 17. b4 Qc7 18. b5 Ne7 19. e4 Ra8 20. a4 a6 21. Ra1 axb5 22. axb5 Qb7 23. Nf1 Rxa1 24. Bxa1 Ra8 25. Ne3 Ra2 26. Bc3 Qa7 27. Kg1 Qa3 28. Qc1 Qa8 29. g4 h5 30. g5 Nd7 31. h4 Nf8 32. Rf1 Nd7 33. Kh2 Nf8 34. Bh3 Bxh3 35. Kxh3 Qc8+ 36. Kg3 Ne6 37. Nd5 Nxd5 38. cxd5 Nf4 39. Qxf4 exf4+ 40. Kxf4 Bxc3 41. Rc1 Be5+ 42. Nxe5 Qg4+ 43. Nxg4 hxg4 44. Kxg4 Rxf2 45. Rd1 Rc2 46. e5 dxe5 47. d6 Kf8 48. Ra1 Ke8 49. Ra7 Rd2 50. Re7+ Kd8 51. Rxf7 Rxd3 52. h5 gxh5+ 53. Kxh5 Rxd6 54. g6 Re6 55. g7 1-0


[Site "https://www.chess.com"]

[Event "Titled Tuesday Blitz June 27 Early 2023"]
[White "Politov, Pavel Y."]
[Black "Rodrigues Mota, Romulo Cardoso S"]
[WhiteFideId "24110515"]
[BlackFideId "2187442"]
[WhiteElo "2106"]
[BlackElo "2278"]
[Result "0-1"]
[Round "5"]
[TimeControl "180+2"]
[Date "2023.06.27"]
[WhiteClock "0:00:34"]
[BlackClock "0:00:43"]
[Board "215"]

1. e4 c5 2. Nf3 g6 3. d4 cxd4 4. Nxd4 Nc6 5. c4 Bg7 6. Be3 Nf6 7. Nc3 O-O 8. Be2 d6 9. O-O Nxd4 10. Bxd4 Be6 11. b3 Nd7 12. Rc1 f5 13. exf5 Bxf5 14. Be3 Qa5 15. Qd2 Nc5 16. Nd5 Qxd2 17. Bxd2 Rae8 18. Be3 e6 19. Bd2 exd5 20. Be3 d4 21. Bd2 Rxe2 22. Be3 dxe3 23. fxe3 Be4 24. Rxf8+ Bxf8 25. g3 Rg2+ 26. Kf1 Rxh2 27. Ke1 Nd3+ 28. Kf1 Nxc1 29. Kg1 Re2 30. Kf1 Bf3 31. c5 Nd3 32. cxd6 Bxd6 33. g4 Bg3 34. g5 Re1# 0-1


[Site "https://www.chess.com"]

[Event "Titled Tuesday Blitz June 27 Early 2023"]
[White "Zampronha, Wladimir Camilo"]
[Black "Torres Dominguez, David"]
[WhiteFideId "2103087"]
[BlackFideId "2220857"]
[WhiteElo "2238"]
[BlackElo "2104"]
[Result "1-0"]
[Round "5"]
[TimeControl "180+2"]
[Date "2023.06.27"]
[WhiteClock "0:00:58"]
[BlackClock "0:00:00"]
[Board "216"]

1. e4 e5 2. Nf3 Nc6 3. d4 exd4 4. Nxd4 Nf6 5. Nxc6 bxc6 6. e5 Qe7 7. Qe2 Nd5 8. c4 Ba6 9. b3 g6 10. g3 Bg7 11. Bb2 f6 12. exf6 Qxe2+ 13. Bxe2 Nxf6 14. O-O O-O 15. Nc3 d5 16. cxd5 Bxe2 17. Nxe2 cxd5 18. Rac1 Rac8 19. Rc6 Rfe8 20. Nf4 g5 21. Ne6 Nh5 22. Bxg7 Nxg7 23. Nxc7 Re2 24. a4 d4 25. Rc4 d3 26. Rd1 d2 27. Kf1 Re7 28. Nd5 Rxc4 29. Nxe7+ Kf7 30. bxc4 Kxe7 31. Rxd2 Nf5 32. Rb2 Nd6 33. c5 Ne4 34. Rb7+ 1-0


[Site "https://www.chess.com"]

[Event "Titled Tuesday Blitz June 27 Early 2023"]
[White "Li, Eric"]
[Black "Tqebuchava, Zurab"]
[WhiteFideId "30939941"]
[BlackFideId "13601113"]
[WhiteElo "2232"]
[BlackElo "2095"]
[Result "1-0"]
[Round "5"]
[TimeControl "180+2"]
[Date "2023.06.27"]
[WhiteClock "0:00:30"]
[BlackClock "0:00:00"]
[Board "217"]

1. e4 d6 2. d4 Nf6 3. f3 c6 4. c4 e5 5. d5 cxd5 6. cxd5 Be7 7. Nc3 O-O 8. Be3 Qa5 9. Qd2 Na6 10. a3 Qd8 11. Bd3 Bd7 12. Nge2 Nc5 13. Bc2 a5 14. O-O b6 15. b4 axb4 16. axb4 Na6 17. Rfb1 Qc7 18. Bd3 Qb7 19. Qe1 Nc7 20. Qf2 Rxa1 21. Rxa1 Ra8 22. Rxa8+ Nxa8 23. Nc1 Be8 24. Qa2 Nc7 25. Kf2 h5 26. Nb3 Qa8 27. Bxb6 Qc8 28. Ne2 h4 29. Be3 Qd7 30. Qa5 h3 31. g3 Nh7 32. Nc3 Bg5 33. b5 Bxe3+ 34. Kxe3 Qe7 35. b6 Qg5+ 36. Ke2 f5 37. bxc7 Bd7 38. Qa8+ Kf7 39. c8=Q Bxc8 40. Qxc8 fxe4 41. Nxe4 1-0


[Site "https://www.chess.com"]

[Event "Titled Tuesday Blitz June 27 Early 2023"]
[White "Tuleyeva-Aketayeva, Dana"]
[Black "Maluco_do_Natal_00"]
[WhiteFideId "13701932"]
[WhiteElo "2225"]
[BlackElo "2049"]
[Result "0-1"]
[Round "5"]
[TimeControl "180+2"]
[Date "2023.06.27"]
[WhiteClock "0:00:11"]
[BlackClock "0:00:11"]
[Board "218"]

1. d4 d5 2. Nf3 Nf6 3. g3 e6 4. Bg2 c5 5. O-O Nc6 6. c4 dxc4 7. dxc5 Qxd1 8. Rxd1 Bxc5 9. Nbd2 c3 10. bxc3 O-O 11. Nb3 Bb6 12. Nfd4 Nd5 13. Nxc6 bxc6 14. Bb2 Ba6 15. e3 Rac8 16. Ba3 Rfe8 17. Rac1 Bc4 18. Rd2 h5 19. Bf3 g6 20. Bb2 a5 21. a4 Bxb3 22. Ba3 Bc4 23. Rb1 Bd8 24. Rd4 Ba6 25. c4 Nc3 26. Rc1 Na2 27. Rcd1 Nb4 28. c5 Bf6 29. Rd7 Red8 30. Bxb4 Rxd7 31. Rxd7 axb4 32. Ra7 Bc4 33. Rb7 b3 34. a5 b2 35. Be4 Bc3 36. a6 Bxa6 37. Rb3 Bf6 38. Kg2 Bc4 39. Rb6 Bd5 40. Kf3 Bxe4+ 41. Kxe4 Rd8 42. Rb3 Rd1 43. Rb8+ Kg7 44. Rxb2 Bxb2 45. Kf3 Rb1 46. Ke2 Ra1 47. Kf3 Ba3 48. Kg2 Bxc5 49. Kf3 Ra2 50. Kg2 Bxe3 51. h4 Bxf2 52. Kh3 Bxg3 53. Kxg3 Ra4 54. Kh3 Rg4 55. Kh2 c5 56. Kh3 c4 57. Kh2 c3 58. Kh3 c2 59. Kh2 c1=Q 60. Kh3 Qh1# 0-1


[Site "https://www.chess.com"]

[Event "Titled Tuesday Blitz June 27 Early 2023"]
[White "Larina, Maria"]
[Black "Semenova, Alina"]
[WhiteFideId "24113182"]
[BlackFideId "24113875"]
[WhiteElo "2201"]
[BlackElo "2044"]
[Result "0-1"]
[Round "5"]
[TimeControl "180+2"]
[Date "2023.06.27"]
[WhiteClock "0:00:17"]
[BlackClock "0:00:51"]
[Board "219"]

1. e4 e6 2. d4 d5 3. Nc3 Bb4 4. exd5 exd5 5. Bd3 c6 6. Ne2 Nf6 7. O-O O-O 8. Bg5 h6 9. Bh4 Re8 10. Qd2 Nbd7 11. Rae1 Be7 12. f3 Ne4 13. fxe4 Bxh4 14. g3 Bg5 15. Nf4 dxe4 16. Rxe4 Nf6 17. Rxe8+ Qxe8 18. h4 Bxf4 19. Qxf4 Bh3 20. Rd1 Qe7 21. Kh2 Bg4 22. Rf1 Re8 23. Rf2 h5 24. Kg2 Qe3 25. Qxe3 Rxe3 26. Bf5 Kf8 27. a3 Ke7 28. Na4 b6 29. Nc3 g6 30. Bd3 Nd5 31. Nxd5+ cxd5 32. b3 f5 33. Rd2 Kf6 34. c4 dxc4 35. bxc4 g5 36. hxg5+ Kxg5 37. Kf2 Rf3+ 38. Kg2 h4 39. gxh4+ Kxh4 40. d5 Rg3+ 41. Kf2 f4 42. d6 Rh3 43. Bf1 Rh2+ 44. Bg2 f3 45. Kg1 Rxg2+ 46. Rxg2 fxg2 47. Kxg2 Kg5 48. Kg3 Bd7 49. Kf3 Kf5 50. Ke3 Ke5 51. Kd3 Kxd6 52. Kc3 Kc5 53. Kb3 Be6 54. Kc3 Bxc4 55. a4 b5 56. a5 b4+ 57. Kb2 Kb5 58. Kc2 Kxa5 59. Kb2 Ka4 60. Kc2 b3+ 61. Kb2 Kb4 62. Ka1 a5 63. Kb2 a4 64. Ka1 a3 65. Kb1 b2 66. Kc2 Ba2 67. Kd2 b1=Q 68. Ke3 Bd5 69. Kd4 Qe4# 0-1


[Site "https://www.chess.com"]

[Event "Titled Tuesday Blitz June 27 Early 2023"]
[White "Wesolowska, Hanna"]
[Black "Alexanian, Nelli"]
[WhiteFideId "1104683"]
[BlackFideId "4170539"]
[WhiteElo "2185"]
[BlackElo "1947"]
[Result "0-1"]
[Round "5"]
[TimeControl "180+2"]
[Date "2023.06.27"]
[WhiteClock "0:00:09"]
[BlackClock "0:00:29"]
[Board "220"]

1. e4 e6 2. Nc3 d5 3. d4 Bb4 4. e5 Qd7 5. Bd2 b6 6. b3 Ba6 7. a3 Bxf1 8. axb4 Bxg2 9. Nf3 Bxh1 10. Nh4 Ne7 11. Qg4 Ng6 12. Nxg6 hxg6 13. O-O-O Rxh2 14. Qg3 Rh8 15. f4 Nc6 16. f5 gxf5 17. b5 Nxd4 18. Qxg7 O-O-O 19. Bg5 Rdg8 20. Qf6 Nxb5 21. Nxb5 Qxb5 22. Qxf7 Qd7 23. Qf6 Rf8 24. Qg6 f4 25. Bf6 Be4 26. Qg5 Qc6 27. Rd2 Rh1+ 28. Kb2 Qc5 29. Qxf4 a5 30. Qg4 Bf5 31. Qg7 a4 32. Be7 a3+ 33. Ka2 Ra1+ 34. Kxa1 Qc3+ 35. Kb1 Qb2# 0-1


[Site "https://www.chess.com"]

[Event "Titled Tuesday Blitz June 27 Early 2023"]
[White "Nilssen, Ellen Fredericia"]
[Black "Castillo Pena, Patricia Evarista"]
[WhiteFideId "1441230"]
[BlackFideId "6412106"]
[WhiteElo "2159"]
[BlackElo "1907"]
[Result "1-0"]
[Round "5"]
[TimeControl "180+2"]
[Date "2023.06.27"]
[WhiteClock "0:02:02"]
[BlackClock "0:01:19"]
[Board "221"]

1. c4 c6 2. g3 d5 3. Bg2 Nf6 4. b3 e6 5. Bb2 Nbd7 6. Nf3 Bd6 7. d4 O-O 8. O-O Qe7 9. Re1 e5 10. dxe5 Nxe5 11. cxd5 cxd5 12. Nc3 Nxf3+ 13. Bxf3 Bb4 14. a3 Bxc3 15. Bxc3 Ne4 16. Bb4 Nc5 17. Qxd5 b6 18. Bxc5 Qxc5 19. Qxc5 bxc5 20. Bxa8 Ba6 21. Bf3 1-0


[Site "https://www.chess.com"]

[Event "Titled Tuesday Blitz June 27 Early 2023"]
[White "Hakobyan, Aram"]
[Black "Makhnev, Denis"]
[WhiteFideId "13306677"]
[BlackFideId "13707647"]
[WhiteElo "3003"]
[BlackElo "2914"]
[Result "1-0"]
[Round "6"]
[TimeControl "180+2"]
[Date "2023.06.27"]
[WhiteClock "0:00:03"]
[BlackClock "0:00:00"]
[Board "1"]

1. d4 d5 2. c4 Nc6 3. Nf3 Bg4 4. Nc3 dxc4 5. d5 Bxf3 6. exf3 Ne5 7. f4 Nd3+ 8. Bxd3 cxd3 9. Qxd3 c6 10. Qf3 Qd7 11. dxc6 Qxc6 12. Qxc6+ bxc6 13. Be3 e6 14. Rc1 Nf6 15. Ke2 Bd6 16. g3 Kd7 17. Bd4 Rhg8 18. Bxf6 gxf6 19. Rhd1 f5 20. Na4 Rab8 21. Rc4 Rgd8 22. b3 Rb5 23. Nc3 Rbb8 24. Rcd4 Ke7 25. Na4 Rb5 26. Nc3 Rbb8 27. Rc4 Rdc8 28. Kf3 h5 29. Rc1 Kd7 30. Ke2 Rb6 31. Rd1 Ke7 32. Rd3 Rd8 33. Rd2 Rc8 34. Rc2 Kd7 35. Rd4 Ke7 36. Ra4 Rc7 37. Nd1 Rb4 38. Rxb4 Bxb4 39. Ne3 f6 40. Nc4 Bc5 41. a3 Bb6 42. b4 Kd7 43. a4 Ke7 44. Rd2 Rb7 45. Nd6 Rb8 46. Nc4 Bc7 47. Rb2 e5 48. Ne3 Ke6 49. Rc2 Rxb4 50. Rxc6+ Kd7 51. Rxf6 exf4 52. gxf4 Bxf4 53. Nd5 1-0


[Site "https://www.chess.com"]

[Event "Titled Tuesday Blitz June 27 Early 2023"]
[White "Andreikin, Dmitry"]
[Black "Nogerbek, Kazybek"]
[WhiteFideId "4158814"]
[BlackFideId "13710427"]
[WhiteElo "3000"]
[BlackElo "2913"]
[Result "1-0"]
[Round "6"]
[TimeControl "180+2"]
[Date "2023.06.27"]
[WhiteClock "0:00:07"]
[BlackClock "0:00:00"]
[Board "2"]

1. e4 e5 2. Nf3 Nc6 3. Bb5 a6 4. Ba4 Nf6 5. O-O Be7 6. Bxc6 dxc6 7. d3 Nd7 8. Nbd2 O-O 9. Nc4 f6 10. Nh4 Nc5 11. b3 a5 12. Be3 b6 13. Nf5 Ne6 14. Qg4 Kh8 15. Qg3 c5 16. f4 exf4 17. Rxf4 Rf7 18. Rh4 Nf8 19. Rf1 Be6 20. a4 Qd7 21. Rh5 g6 22. Nxe7 Qxe7 23. Rh6 Bxc4 24. bxc4 Re8 25. Rh3 Kg8 26. Qh4 Nd7 27. Bd2 Qe6 28. Rhf3 Ref8 29. Bc3 f5 30. exf5 Rxf5 31. Rxf5 Rxf5 32. Re1 Qf7 33. h3 g5 34. Qh6 Nf8 35. Qc6 Rf4 36. Kh2 g4 37. Qh6 gxh3 38. Qxh3 Rf5 39. Qg3+ Ng6 40. Kg1 h5 41. Re7 Rf1+ 42. Kh2 Qf5 43. Rg7+ Kf8 44. Rxg6 h4 45. Rg8+ Ke7 46. Qg7+ Kd6 47. Qg6+ Qxg6 48. Rxg6+ Kd7 49. Rg7+ Kd6 50. Rg6+ Kd7 51. Be5 Ra1 52. Bxa1 1-0


[Site "https://www.chess.com"]

[Event "Titled Tuesday Blitz June 27 Early 2023"]
[White "Durarbayli, Vasif"]
[Black "Horvath, Dominik"]
[WhiteFideId "13402935"]
[BlackFideId "1642561"]
[WhiteElo "2925"]
[BlackElo "2843"]
[Result "1-0"]
[Round "6"]
[TimeControl "180+2"]
[Date "2023.06.27"]
[WhiteClock "0:01:02"]
[BlackClock "0:00:11"]
[Board "3"]

1. e4 c6 2. d4 d5 3. exd5 cxd5 4. c4 Nf6 5. Nc3 Nc6 6. Nf3 a6 7. Be3 g6 8. c5 Bg7 9. h3 O-O 10. Be2 Ne4 11. O-O e5 12. dxe5 Nxc3 13. bxc3 Nxe5 14. Bd4 Nc6 15. Bxg7 Kxg7 16. Rb1 Qa5 17. Qxd5 Be6 18. Qg5 Qxc3 19. Rxb7 h6 20. Qf4 Bxa2 21. Rc1 Qa3 22. Ra1 a5 23. Bc4 Nb4 24. Rxf7+ 1-0


[Site "https://www.chess.com"]

[Event "Titled Tuesday Blitz June 27 Early 2023"]
[White "Indjic, Aleksandar"]
[Black "Nakamura, Hikaru"]
[WhiteFideId "911925"]
[BlackFideId "2016192"]
[WhiteElo "2944"]
[BlackElo "3250"]
[Result "1-0"]
[Round "6"]
[TimeControl "180+2"]
[Date "2023.06.27"]
[WhiteClock "0:00:08"]
[BlackClock "0:00:11"]
[Board "4"]

1. e4 c5 2. Nf3 e6 3. d4 cxd4 4. Nxd4 a6 5. c4 Nf6 6. Nc3 Qc7 7. a3 Bc5 8. Be3 d6 9. b4 Bxd4 10. Qxd4 e5 11. Qd3 O-O 12. Be2 Be6 13. O-O Rc8 14. Nd5 Bxd5 15. cxd5 Nbd7 16. Rfc1 Qd8 17. h3 Rxc1+ 18. Rxc1 Rc8 19. Rc2 Rc7 20. f3 Nh5 21. Rxc7 Qxc7 22. Qc4 Qd8 23. Bf1 g6 24. a4 Kg7 25. a5 Ng3 26. Bd3 h5 27. Qc1 h4 28. Bg5 Qb8 29. Bxh4 Qa7+ 30. Kh2 Nh5 31. Bf1 Ndf6 32. Qd2 Qb8 33. Bf2 Qc8 34. g3 Kh7 35. Be3 Qd7 36. Qc2 Ne8 37. Bb6 Nhg7 38. Bd3 Kg8 39. Kg2 Kh7 40. g4 Qe7 41. b5 axb5 42. Bxb5 f5 43. Bd3 fxg4 44. hxg4 Qd7 45. Be3 Qd8 46. Qc3 Qd7 47. Qb4 Qc8 48. Bg5 Qc7 49. Kf2 Qc8 50. Ke2 Kg8 51. Kd2 Kh7 52. Bb5 Qc7 53. Qc3 Qf7 54. Ke2 Nc7 55. Bd3 Qd7 56. Qb4 Nce8 57. Bb5 Qc7 58. Kd2 Qf7 59. Qc3 Nc7 60. Be2 Qd7 61. Qb4 Nce8 62. Qb5 Qc7 63. Qb6 Qc8 64. Be3 Qd7 65. Bb5 Qc8 66. a6 bxa6 67. Bc6 Nf6 68. Qa7 Qf8 69. Ke2 Ng8 70. Bg5 Nh6 71. Qxa6 Nf7 72. Bf6 Qb8 73. Qb7 Qxb7 74. Bxb7 Ne8 75. Be7 Kg7 76. Bc6 Nc7 77. g5 Kg8 78. Kd2 Kg7 79. Kc3 Kg8 80. Kb4 Na6+ 81. Kb5 Nc5 82. Bxd6 Nb3 83. Be7 Nd4+ 84. Kc5 Nxf3 85. d6 N3xg5 86. Bxg5 Nxg5 87. d7 Kf7 88. Kd6 Kg7 89. Bd5 Nf7+ 90. Bxf7 1-0


[Site "https://www.chess.com"]

[Event "Titled Tuesday Blitz June 27 Early 2023"]
[White "Tari, Aryan"]
[Black "Firouzja, Alireza"]
[WhiteFideId "1510045"]
[BlackFideId "12573981"]
[WhiteElo "2923"]
[BlackElo "3126"]
[Result "1-0"]
[Round "6"]
[TimeControl "180+2"]
[Date "2023.06.27"]
[WhiteClock "0:00:04"]
[BlackClock "0:00:00"]
[Board "5"]

1. e4 c6 2. d4 d5 3. exd5 cxd5 4. Bd3 Nc6 5. c3 Qc7 6. h3 e6 7. Nf3 Bd6 8. O-O Nf6 9. Re1 O-O 10. b3 h6 11. Na3 a6 12. Nc2 Re8 13. Bd2 Bd7 14. c4 dxc4 15. bxc4 e5 16. c5 Bf8 17. Nxe5 Nxe5 18. Bf4 Bxc5 19. Bxe5 Bd6 20. Bxf6 gxf6 21. Qh5 Bf4 22. Ne3 Bxe3 23. Rxe3 Rxe3 24. fxe3 Kg7 25. Rf1 Qg3 26. Qe2 Rc8 27. Bf5 Bb5 28. Qd2 Rc6 29. Rf3 Qc7 30. Rf4 Rc1+ 31. Kh2 Rf1 32. d5 Qe5 33. Bg4 Rxf4 34. exf4 Qd6 35. Qd4 Bf1 36. Bf3 b5 37. Qc3 Bc4 38. Kg3 Bxa2 39. Qc6 Qxc6 40. dxc6 Be6 41. c7 Bc8 42. f5 Kf8 43. Kh4 a5 44. Bc6 a4 45. Bxb5 1-0


[Site "https://www.chess.com"]

[Event "Titled Tuesday Blitz June 27 Early 2023"]
[White "Shubin, Kirill"]
[Black "So, Wesley"]
[WhiteFideId "34119962"]
[BlackFideId "5202213"]
[WhiteElo "2922"]
[BlackElo "3105"]
[Result "0-1"]
[Round "6"]
[TimeControl "180+2"]
[Date "2023.06.27"]
[WhiteClock "0:00:01"]
[BlackClock "0:00:16"]
[Board "6"]

1. e4 e5 2. Nf3 Nc6 3. Bb5 a6 4. Ba4 Nf6 5. d3 Bc5 6. Nc3 b5 7. Bb3 d6 8. Bg5 h6 9. Bh4 g5 10. Bg3 Bg4 11. h3 Bh5 12. Ne2 Na5 13. c3 Nxb3 14. axb3 Bb6 15. b4 O-O 16. Bh2 Bxf3 17. gxf3 Nh5 18. h4 Qf6 19. Ng3 Nxg3 20. Bxg3 Kg7 21. Qe2 a5 22. bxa5 Bxa5 23. O-O-O b4 24. cxb4 Bb6 25. hxg5 hxg5 26. Rdg1 Ra1+ 27. Kc2 Rxg1 28. Rxg1 Rg8 29. Qd2 Kf8 30. Qe2 Ke7 31. Ra1 Qe6 32. Qd2 Qd7 33. Qc3 Rh8 34. Qc4 f6 35. b5 Qe6 36. Qc6 Qd7 37. Qc4 Qe6 38. Qc6 Kf7 39. Ra8 Rxa8 40. Qxa8 Qe8 41. Qd5+ Qe6 42. Qc6 Qe8 43. Qd5+ Ke7 44. Qc4 Qa8 45. Kb3 Bc5 46. Kc2 Qe8 47. Kb3 Kd7 48. Qd5 Bb6 49. Kc4 Ke7 50. b4 Qc8 51. Kb3 Qe6 52. Kc4 Kd7 53. Qxe6+ Kxe6 54. Kc3 d5 55. Kc2 Kd6 56. Kc3 Bd4+ 57. Kb3 Ke6 58. Kc2 Kd7 59. Kb3 Kc8 60. Kc2 Kb7 61. Kb3 Kb6 62. Ka4 Bc3 63. Kb3 Bd4 64. Ka4 Ba1 65. Kb3 Kxb5 66. exd5 Bd4 67. Bh2 Bxf2 68. Kc2 Kxb4 69. Kd2 Kc5 70. Ke2 Bd4 0-1


[Site "https://www.chess.com"]

[Event "Titled Tuesday Blitz June 27 Early 2023"]
[White "Pranav, V"]
[Black "Demchenko, Anton"]
[WhiteFideId "25060783"]
[BlackFideId "4160258"]
[WhiteElo "3042"]
[BlackElo "2918"]
[Result "0-1"]
[Round "6"]
[TimeControl "180+2"]
[Date "2023.06.27"]
[WhiteClock "0:00:00"]
[BlackClock "0:00:06"]
[Board "7"]

1. e4 e5 2. Nf3 Nc6 3. Bb5 a6 4. Ba4 Nge7 5. O-O Ng6 6. d4 exd4 7. Nxd4 Nxd4 8. Qxd4 b5 9. Bb3 Bb7 10. c4 c5 11. Qd1 b4 12. Re1 Be7 13. Ba4 O-O 14. Nd2 d6 15. Nf1 Bf6 16. a3 a5 17. Ng3 Be5 18. Nf5 Nh4 19. Qg4 Nxf5 20. exf5 Qc7 21. Rxe5 dxe5 22. f6 g6 23. Qh4 Ra6 24. Bg5 Kh8 25. Qh6 Rg8 26. Re1 Qc8 27. Re3 Qg4 28. Rg3 Qh5 29. Qxh5 gxh5 30. h4 h6 31. Bxh6 Rxg3 32. fxg3 Rxf6 33. Bf8 bxa3 34. bxa3 Rb6 35. Bxc5 Rb1+ 36. Kf2 Rb2+ 37. Ke3 Rxg2 38. Bd6 f6 39. Be7 Kg7 40. c5 Rxg3+ 41. Kf2 Rxa3 42. Be8 Rc3 43. Bxh5 a4 0-1


[Site "https://www.chess.com"]

[Event "Titled Tuesday Blitz June 27 Early 2023"]
[White "Kravtsiv, Martyn"]
[Black "Lazavik, Denis"]
[WhiteFideId "14113147"]
[BlackFideId "13515110"]
[WhiteElo "2844"]
[BlackElo "3034"]
[Result "0-1"]
[Round "6"]
[TimeControl "180+2"]
[Date "2023.06.27"]
[WhiteClock "0:00:00"]
[BlackClock "0:00:10"]
[Board "8"]

1. e4 c5 2. Nf3 e6 3. d4 cxd4 4. Nxd4 Nc6 5. Nc3 Qc7 6. Be2 Nf6 7. Be3 a6 8. O-O Be7 9. f4 d6 10. Qe1 O-O 11. Qg3 Nxd4 12. Bxd4 b5 13. Kh1 Bb7 14. a3 Rad8 15. Rae1 Ne8 16. Qf2 Rc8 17. Bf3 Bc6 18. Re2 Qb7 19. b4 Bf6 20. Rd1 Bxd4 21. Qxd4 Qc7 22. Qd3 Rd8 23. Red2 Rd7 24. Qe3 Nf6 25. g4 Rfd8 26. g5 Ne8 27. Ne2 Bb7 28. Kg2 Qb8 29. h4 Nc7 30. Ng3 Bc6 31. h5 d5 32. e5 d4 33. Rxd4 Bxf3+ 34. Kxf3 Nd5 35. Qf2 Rc8 36. R1d3 Rdc7 37. Rd2 Rc3+ 38. Kg4 Qb7 39. R4d3 R3c4 40. Rd4 h6 41. gxh6 gxh6 42. Kh4 Qe7+ 43. Kh3 Rc3 44. Kg4 Kh8 45. Rxd5 Rg8+ 46. Kh3 Rcxg3+ 47. Qxg3 Rxg3+ 48. Kxg3 exd5 49. Rxd5 Qc7 50. Rd6 Kg7 51. Kg4 Qxc2 52. Rxa6 Qg2+ 53. Kh4 Qf3 54. Rf6 Qxa3 55. Kg4 Qxb4 56. Rb6 Qc4 57. Kg3 Qd3+ 58. Kg4 Qe2+ 59. Kf5 Qxh5+ 60. Ke4 Qe2+ 61. Kf5 Qd3+ 62. Kg4 Qd7+ 63. Kf3 h5 64. Ke4 h4 65. f5 Qc7 66. f6+ Kg6 67. Rxb5 Qc4+ 0-1


[Site "https://www.chess.com"]

[Event "Titled Tuesday Blitz June 27 Early 2023"]
[White "Van Foreest, Jorden"]
[Black "De Silva, L M S T"]
[WhiteFideId "1039784"]
[BlackFideId "9953698"]
[WhiteElo "2979"]
[BlackElo "2735"]
[Result "1-0"]
[Round "6"]
[TimeControl "180+2"]
[Date "2023.06.27"]
[WhiteClock "0:00:52"]
[BlackClock "0:00:00"]
[Board "9"]

1. e4 e5 2. Nf3 Nc6 3. Bb5 a6 4. Ba4 Nf6 5. d3 b5 6. Bb3 Be7 7. a4 Bb7 8. Nc3 Nd4 9. Nxd4 exd4 10. Ne2 c5 11. Ng3 O-O 12. O-O d5 13. exd5 Bxd5 14. Bxd5 Qxd5 15. Re1 Rfe8 16. axb5 axb5 17. Rxa8 Qxa8 18. Bg5 Nd5 19. Bxe7 Rxe7 20. Nf5 Rxe1+ 21. Qxe1 g6 22. Nd6 Nb4 23. h4 Nxc2 24. Qe7 Qf8 25. Qe5 f6 26. Qxc5 Qe7 27. Qd5+ Kg7 28. Ne4 f5 29. Ng5 h6 30. Ne6+ Kf6 31. Nf4 g5 32. Qc6+ Kf7 33. Qg6+ Kf8 34. Ne6+ 1-0


[Site "https://www.chess.com"]

[Event "Titled Tuesday Blitz June 27 Early 2023"]
[White "Talibov, Shiroghlan"]
[Black "Mamedov, Rauf"]
[WhiteFideId "13429078"]
[BlackFideId "13401653"]
[WhiteElo "2823"]
[BlackElo "3072"]
[Result "1-0"]
[Round "6"]
[TimeControl "180+2"]
[Date "2023.06.27"]
[WhiteClock "0:00:21"]
[BlackClock "0:00:06"]
[Board "10"]

1. e4 c5 2. Nf3 Nc6 3. Bb5 g6 4. O-O Bg7 5. c3 Nf6 6. Re1 O-O 7. h3 e5 8. Na3 d6 9. Nc2 Bd7 10. d4 exd4 11. cxd4 a6 12. Bxc6 Bxc6 13. d5 Bb5 14. a4 Bd7 15. Bf4 Re8 16. Nd2 Qc7 17. Rc1 Bxa4 18. b3 Bb5 19. Qf3 Nd7 20. Ne3 Ne5 21. Qg3 a5 22. Nf3 Nxf3+ 23. Qxf3 a4 24. bxa4 Rxa4 25. Qg3 Ra6 26. Nf5 gxf5 27. exf5 Rxe1+ 28. Rxe1 f6 29. Re6 Qf7 30. Bxd6 Kh8 31. Re7 Qg8 32. Bxc5 Ra8 33. Rxb7 Ba6 34. Re7 Re8 35. Qxg7+ Qxg7 36. Rxe8+ Qg8 37. Rxg8+ Kxg8 38. d6 Kf7 39. d7 1-0


[Site "https://www.chess.com"]

[Event "Titled Tuesday Blitz June 27 Early 2023"]
[White "Sarana, Alexey"]
[Black "Elsa167"]
[WhiteFideId "24133795"]
[WhiteElo "3020"]
[BlackElo "2820"]
[Result "1-0"]
[Round "6"]
[TimeControl "180+2"]
[Date "2023.06.27"]
[WhiteClock "0:00:27"]
[BlackClock "0:00:05"]
[Board "11"]

1. d4 e6 2. c4 d5 3. Nc3 Nf6 4. cxd5 exd5 5. Bf4 Bd6 6. Bxd6 Qxd6 7. e3 c6 8. Bd3 O-O 9. h3 Be6 10. Nf3 Nbd7 11. O-O Qe7 12. Qc2 g6 13. b4 Rfc8 14. a4 a5 15. bxa5 Rxa5 16. Rfb1 Ra7 17. Ra2 Ne8 18. Rab2 Nd6 19. Rb4 Qf6 20. Qe2 Bf5 21. Bxf5 Qxf5 22. Qd1 Re8 23. Ne2 Rea8 24. Nf4 Qf6 25. Nd3 Qe7 26. Nfe5 Nxe5 27. Nxe5 f6 28. Nd3 Ne4 29. Qc2 h5 30. Nf4 Qf7 31. f3 g5 32. Nxh5 Nd6 33. Ng3 Nc4 34. Nf5 Kh8 35. Qf2 Qh7 36. e4 Re8 37. Re1 Raa8 38. Qg3 b6 39. Qg4 Rad8 40. e5 fxe5 41. Qxg5 Rf8 42. Ne7 Rg8 43. Nxg8 Rxg8 44. Qf6+ Rg7 45. Rxc4 dxc4 46. Rxe5 Qc2 47. Qh6+ Kg8 48. Re8+ Kf7 49. Qe6# 1-0


[Site "https://www.chess.com"]